 Dungeon Crawl Stone Soup version 0.18-a0-1197-g8004e50 (webtiles) character file.

7038 M4edhros the Covert (level 11, -2/64 HPs)
             Began as an Octopode Artificer on Jan 30, 2016.
             Was an Elder of Fedhas.
             Slain by a white imp (5 damage)
             ... on level 2 of the Lair of Beasts.
             The game lasted 00:26:15 (10004 turns).

M4edhros the Covert (Octopode Artificer)           Turns: 10004, Time: 00:26:15

Health: -2/64      AC:  1    Str: 11    XL:     11   Next: 9%
Magic:  0/15       EV: 22    Int: 23    God:    Fedhas [****..]
Gold:   432        SH:  7    Dex: 17    Spells: 1 memorised, 7 levels left

rFire  . . .     SeeInvis .     K - +0 dagger (elec)
rCold  . . .     Gourm    .     O - +1 buckler
rNeg   + . .     Faith    .     (helmet restricted)
rPois  .         Spirit   +     Y - amulet of guardian spirit
rElec  .         Dismiss  .     E - ring of resist corrosion
rCorr  +         Reflect  .     s - ring of protection from magic
SustAt .         Harm     .     w - ring of positive energy
MR     +++..     Clarity  +     M - +5 ring of intelligence
Stlth  ++++++++..               J - ring of protection from magic
                                X - ring of wizardry
                                (no ring)
                                o - ring of protection from magic

@: agile, extremely resistant to hostile enchantments, extraordinarily stealthy
A: almost no armour, amphibious, 8 rings, constrict 8, camouflage 1, clarity,
gelatinous body 1
a: Evolution, Sunlight, Growth, Reproduction, Renounce Religion


You were on level 2 of the Lair of Beasts.
You worshipped Fedhas.
Fedhas was greatly pleased with you.
You were very hungry.

You visited 3 branches of the dungeon, and saw 12 of its levels.
You also visited: Sewer.

You collected 627 gold pieces.
You spent 195 gold pieces at shops.

Inventory:

Hand Weapons
 u - a +0 blowgun
 F - the +3 flail "Duberud" {crush, rElec MR- Int+9}
   (You found it on level 9 of the Dungeon)

   It inflicts extra damage upon your enemies.
   It affects your intelligence (+9).
   It insulates you from electricity.
   It affects your resistance to hostile enchantments.
 K - a +0 dagger of electrocution (weapon)
 N - a +5 hunting sling
 T - a +2 trident of protection
Missiles
 g - 107 sling bullets
 i - 7 tomahawks (quivered)
 k - 329 stones
 t - 43 poisoned needles
Armour
 O - a +1 buckler (worn)
Jewellery
 n - an uncursed ring of fire
 o - a ring of protection from magic (on tentacle)
 s - a ring of protection from magic (right tentacle)
 w - a ring of positive energy (on tentacle)
 E - a ring of resist corrosion (left tentacle)
 J - a ring of protection from magic (on tentacle)
 M - a +5 ring of intelligence (on tentacle)
 S - an uncursed ring of teleportation
 X - a ring of wizardry (on tentacle)
 Y - an amulet of guardian spirit (around mantle)
Wands
 b - a wand of flame (5/48)
 c - a wand of enslavement (10/24)
 d - a wand of random effects (11/48)
 l - a wand of fireball (6/15)
 H - a wand of flame (11/48)
 Q - a wand of enslavement (6/24)
Scrolls
 f - 2 scrolls of teleportation
 r - a scroll of identify
 y - 3 scrolls of fear
 U - 2 scrolls of fog
Potions
 j - a potion of might {unknown}
 m - 3 potions of curing
 p - 3 potions of resistance
 q - 4 potions of heal wounds
 v - a potion of agility
 z - 2 potions of invisibility
 A - 2 potions of lignification
 L - 2 potions of haste {unknown}
 P - 2 potions of cure mutation {unknown}
 V - a potion of ambrosia
 Z - a potion of berserk rage
Books
 e - a book of Alchemy

   Spells                             Type                      Level
   a - Sublimation of Blood           Necromancy                   2
   b - Ignite Poison                  Fire/Transmutation/Poison    3
   c - Condensation Shield            Ice                          4
   d - Petrify                        Transmutation/Earth          4
   e - Alistair's Intoxication        Transmutation/Poison         5
   f - Irradiate                      Conjuration/Transmutation    5
Comestibles
 a - 2 meat rations
 h - 5 slices of pizza
 C - 4 bread rations


   Skills:
 - Level 2.0 Fighting
 - Level 2.5 Short Blades
 + Level 6.2 Slings
 + Level 7.6 Dodging
 + Level 11.5 Stealth
 + Level 7.8 Shields
 * Level 4.9 Invocations
 + Level 6.2 Evocations


You had 7 spell levels left.
You knew the following spells:

 Your Spells              Type           Power        Failure   Level  Hunger
a - Ignite Poison         Fire/Trmt/Pois #.......     21%         3    ####...


Dungeon Overview and Level Annotations

Branches:
Dungeon (9/15)             Temple (1/1) D:4            Lair (2/8) D:9
    Orc: D:9-12

Altars:
Ashenzari
Cheibriados
Dithmenos
Elyvilon
Fedhas
Gozag
Kikubaaqudgha
Makhleb
Nemelex Xobeh
Okawaru
Pakellas
Qazlal
Ru
Sif Muna
Trog
Vehumet
Xom
Yredelemnul
Zin
The Shining One

Shops:
D:5 (   D:9 *

Portals:
Volcano: Lair:2


Innate Abilities, Weirdness & Mutations

You cannot wear most types of armour.
You are amphibious.
You can wear up to eight rings at the same time.
You can use your tentacles to constrict eight enemies at once.
Your skin changes colour to match your surroundings (Stealth).
Your rubbery body absorbs attacks (AC +1).
You possess an exceptional clarity of mind.


Message History

The puff of frost hits you!
* * * LOW HITPOINT WARNING * * *
The white imp barely misses you.
You hit the white imp but do no damage. You grab the white imp.
You constrict the white imp.
You constrict the white imp, but do no damage.
A nearby toadstool withers and dies.
Unknown command.
Unknown command.
You hit the white imp. Your grab misses the white imp.
The white imp is moderately wounded.
You constrict the white imp. x2; The white imp completely misses you.
The white imp gestures at you. The puff of frost hits you!
* * * LOW HITPOINT WARNING * * *
The white imp hits you.
* * * LOW HITPOINT WARNING * * *
The white imp freezes you.
You die...
Fedhas appreciates your contribution to the ecosystem.

......... #5.P.#.P..
#P.....#.. P.......[
......... ##...F....
#555......
###@........
####...........
###P............
[...............
#.##...#..#.##. #
##.f#....#.#
##....#...### ##.##
#....P...#.#
##P..####..P..<...##


You could see a giant frog, 4 white imps and a friendly wandering mushroom.

Vanquished Creatures
  A hydra (Lair:2)
  An unseen horror (D:9)
  A spiny frog (Lair:2)
  A troll (D:8)
  2 blink frogs (Lair:2)
  Eustachio (D:5)
  A yak (Lair:1)
  A hippogriff (D:8)
  A wolf (Lair:2)
  A porcupine (D:9)
  Edmund (D:5)
  2 water moccasins
  3 ogres
  2 orc warriors
  A black bear (D:9)
  A crocodile (D:9)
  A big kobold (Sewer)
  2 giant frogs
  A scorpion (D:5)
  2 wights (D:9)
  2 crimson imps
  4 hounds
  3 centaur skeletons
  2 jellies
  4 orc wizards
  A quasit (D:9)
  3 giant frog skeletons
  2 iguanas (D:9)
  Ijyb (D:2)
  6 worker ants
  2 hound skeletons (D:4)
  3 gnolls
  13 adders
  3 shadow imps
  4 white imps (Lair:2)
  5 oozes
  2 adder skeletons (D:7)
  7 worms
  2 giant geckos
  21 orcs
  6 giant cockroaches
  11 goblins
  6 hobgoblins
  7 jackals
  6 quokkas
  3 ball pythons
  9 bats
  A giant gecko skeleton (D:5)
  4 giant newts
  A jackal skeleton (D:5)
  19 kobolds
  12 rats
202 creatures vanquished.

Vanquished Creatures (collateral kills)
  A spiny frog (Lair:1)
  A troll (D:9)
  2 blink frogs (Lair:2)
  3 yaks (Lair:1)
  5 wolves
  A water moccasin (Lair:1)
  2 porcupines (Lair:1)
  A phantom (D:8)
  An orc warrior (D:8)
  A centaur (D:9)
  3 crocodiles
  2 giant frogs
  A scorpion (D:6)
  3 wights (D:9)
  A crimson imp (D:7)
  A jelly (D:9)
  A quasit (D:6)
  A centaur skeleton (D:4)
  An orc priest (D:7)
  2 orc wizards
  3 iguanas
  A worker ant (D:8)
  3 hell rats (D:9)
  A hound skeleton (D:7)
  Robin (D:2)
  3 gnolls (D:6)
  An adder (D:4)
  2 river rats (D:9)
  2 orcs
  2 giant cockroaches
  A goblin (D:2)
  3 hobgoblins (D:2)
57 creatures vanquished.

Vanquished Creatures (others)
  A worker ant zombie (D:8)
  An adder (D:4)
  8 wandering mushrooms
  A bush (Lair:2)
  A fungus (Lair:2)
  196 toadstools
208 creatures vanquished.

Grand Total: 467 creatures vanquished

Notes
Turn   | Place    | Note
--------------------------------------------------------------
     0 | D:1      | M4edhros the Octopode Artificer began the quest for the Orb.
     0 | D:1      | Reached XP level 1. HP: 13/13 MP: 3/3
   100 | D:2      | Noticed Ijyb
   104 | D:2      | Killed Ijyb
   104 | D:2      | Reached skill level 4 in Evocations
   104 | D:2      | Reached XP level 2. HP: 16/18 MP: 5/5
   104 | D:2      | Reached XP level 3. HP: 20/23 MP: 6/6
   254 | D:2      | You fall through a shaft for 2 floors!
   254 | D:4      | Found a glowing drain.
   286 | D:4      | Found a staircase to the Ecumenical Temple.
   296 | Temple   | Entered the Ecumenical Temple
   495 | Temple   | Became a worshipper of Fedhas Madash
   534 | D:4      | Reached XP level 4. HP: 14/28 MP: 7/7
   559 | D:4      | Gained mutation: You possess an exceptional clarity of mind. [potion of beneficial mutation]
   611 | Sewer    | Entered a sewer
   879 | Sewer    | Noticed a big kobold
   902 | Sewer    | Reached XP level 5. HP: 33/33 MP: 8/8
   906 | Sewer    | Killed a big kobold
  1057 | Sewer    | Reached * piety under Fedhas
  1231 | D:4      | Reached XP level 6. HP: 36/39 MP: 9/9
  2104 | D:2      | Noticed Robin
  2171 | D:2      | Killed Robin
  2388 | D:2      | Found a deep blue altar of Sif Muna.
  2760 | D:1      | Reached ** piety under Fedhas
  3805 | D:4      | Reached skill level 1 in Shields
  3809 | D:4      | Reached XP level 7. HP: 35/45 MP: 10/10
  3972 | D:5      | Entered Level 5 of the Dungeon
  3972 | D:5      | Noticed Edmund
  3979 | D:5      | Killed Edmund
  3979 | D:5      | Reached skill level 5 in Stealth
  4008 | D:5      | Reached skill level 6 in Stealth
  4104 | D:5      | Found Qeidaa's Antique Weapon Shoppe.
  4166 | D:5      | Noticed Eustachio
  4218 | D:5      | Killed Eustachio
  4218 | D:5      | Reached skill level 7 in Stealth
  4284 | D:5      | Found a bloodstained altar of Trog.
  4284 | D:5      | Noticed a moth of wrath
  4321 | D:5      | Reached XP level 8. HP: 27/50 MP: 11/11
  4843 | D:6      | Reached skill level 1 in Slings
  5175 | D:6      | Reached *** piety under Fedhas
  5438 | D:6      | Found a snail-covered altar of Cheibriados.
  5550 | D:6      | Reached skill level 8 in Stealth
  5707 | D:6      | Found an oddly glowing altar of Pakellas.
  6332 | D:7      | Found an iron altar of Okawaru.
  6335 | D:7      | Found a bloodstained altar of Trog.
  6502 | D:7      | Reached skill level 5 in Dodging
  6582 | D:8      | Reached skill level 5 in Shields
  6643 | D:8      | Found an ancient bone altar of Kikubaaqudgha.
  6651 | D:8      | Found a shimmering altar of Xom.
  6654 | D:8      | Found a basalt altar of Yredelemnul.
  6826 | D:8      | Reached XP level 9. HP: 54/54 MP: 12/12
  6834 | D:8      | Found a white marble altar of Elyvilon.
  6953 | D:8      | Reached skill level 9 in Stealth
  7040 | D:8      | Noticed a troll
  7089 | D:8      | Killed a troll
  7784 | D:9      | Reached **** piety under Fedhas
  7809 | D:9      | Reached skill level 10 in Stealth
  7829 | D:9      | Found a staircase to the Lair.
  7916 | D:9      | Found Mommeih's Assorted Antiques.
  7918 | D:9      | Noticed a troll
  7952 | D:9      | Killed a troll
  7980 | D:9      | Bought a scroll of enchant weapon for 195 gold pieces
  8057 | D:9      | Reached skill level 5 in Slings
  8057 | D:9      | Reached XP level 10. HP: 24/60 MP: 5/13
  8265 | D:9      | Got a slimy flail
  8266 | D:9      | Identified the +3 flail "Duberud" {crush, rElec MR- Int+9} (You found it on level 9 of the Dungeon)
  8334 | D:9      | Noticed an unseen horror
  8337 | D:9      | Killed an unseen horror
  8716 | Lair:1   | Entered Level 1 of the Lair of Beasts
  8725 | Lair:1   | Reached skill level 5 in Evocations
  8728 | Lair:1   | Reached skill level 1 in Invocations
  8867 | Lair:1   | Learned a level 3 spell: Ignite Poison
  9218 | Lair:1   | Noticed a spiny frog
  9224 | Lair:1   | Killed a spiny frog
  9224 | Lair:1   | Reached skill level 11 in Stealth
  9795 | Lair:2   | Noticed a five-headed hydra
  9806 | Lair:2   | Killed a five-headed hydra
  9847 | Lair:2   | Found a dark tunnel.
  9911 | Lair:2   | Noticed a spiny frog
  9925 | Lair:1   | Reached XP level 11. HP: 60/64 MP: 13/15
  9998 | Lair:2   | HP: 3/64 [white imp/puff of frost (11)]
 10004 | Lair:2   | HP: 3/64 [white imp (3)]
 10004 | Lair:2   | Slain by a white imp

Vault maps used:
D:1:      minmay_arrival_radiant_lines
D:2:      marbit_many_paths, hex_medium, uniq_iyjb, uniq_robin
D:3:      hangedman_decor_opposing, minmay_cupped
D:4:      temple_fountains, gup_sewer_entry_glass, first_bread
D:5:      serial_shops, shop, tgw_trog, uniq_eustachio, uniq_edmund
D:6:      cheibrodos_worm_habitat, minivault_25, minmay_door_square,
          johnstein_pakellas_dig
D:7:      grunt_temple_overflow_bloody_war
D:8:      elyvilon_altar_1, grunt_temple_overflow_open, lightli_orcish_oven
D:9:      kennysheep_blocky_hall, dpeg_lair_monsters, serial_shops, shop
Temple:   oiseaux_autumnal_temple_12
Lair:2:   enter_volcano_1, portal_ice_cave_entry_imps
Sewer:    kennysheep_pipe_town

Action                   |  1- 3 |  4- 6 |  7- 9 | 10-12 || total
-------------------------+-------+-------+-------+-------++-------
Melee: Short sword       |    20 |   149 |       |       ||   169
       Dagger            |       |    60 |    43 |    26 ||   129
       Trident           |       |       |    16 |    45 ||    61
       Flail             |       |       |       |     2 ||     2
 Fire: Hunting sling     |       |       |   370 |    78 ||   448
       Blowgun           |       |       |    18 |       ||    18
Invok: Evolution         |       |     4 |     4 |     4 ||    12
       Sunlight          |       |       |     2 |     1 ||     3
Evoke: Wand              |     3 |     6 |    10 |     2 ||    21
  Use: Scroll            |     1 |     5 |    18 |     2 ||    26
       Potion            |       |     8 |       |     3 ||    11
 Stab: Sleeping          |     5 |    31 |     8 |     7 ||    51
       Confused          |       |     1 |     1 |     1 ||     3
       Distracted        |       |       |     1 |       ||     1
  Eat: Bread ration      |       |     2 |     2 |       ||     4
       Royal jelly       |       |       |     1 |       ||     1
       Beef jerky        |       |       |     1 |       ||     1
       Meat ration       |       |       |       |     1 ||     1
       Chunk             |       |       |       |     1 ||     1
